Map: Abiogênese LE

Players

IagoAbreu - Winner!

  • Race: Zerg Zerg
  • League: Gold
  • Spawn Location: 5:00

Darkside

  • Race: Protoss Protoss
  • League: Silver
  • Spawn Location: 11:00

VOD

Have the link to the VOD?

Description

Time

  • Played on: April 8, 2018, 3:25 p.m.
  • Length: 14:35
Show
View Real Time Build Order
Export as new Build Order

IagoAbreu Zerg - Winner!

Build Orders: Pool First 

Get SALT Encoding   

  12  0:03  Drone  
  13  0:27  Spawning Pool  
  12  0:29  Drone  
  12  0:31  Drone  
  14  0:42  Overlord  
  14  0:48  Overlord  
  14  0:54  Extractor  
  14  0:56  Drone  
  14  1:05  Overlord  
  14  1:16  Queen  
  16  1:21  Drone  
  17  1:31  Drone  
  18  1:35  Drone  
  19  2:17  Hatchery  
  19  2:22  Zergling x2  
  19  2:23  Zergling x4  
  21  2:35  Zergling x4  
  21  2:36  Zergling x2, Queen  
  26  2:38  Metabolic Boost  
  26  2:44  Zergling x2  
  25  3:23  Lair, Evolution Chamber  
  24  3:39  Drone  
  24  3:40  Drone x2  
  27  3:47  Zergling x4  
  29  3:52  Zergling x2  
  29  3:54  Queen  
  32  4:09  Zergling x4  
  35  4:10  Zergling x2  
  35  4:17  Drone x2  
  37  4:48  Zergling x2  
  37  4:49  Zergling x2  
  37  4:50  Drone x3  
  42  4:55  Extractor  
  41  5:09  Zerg Melee Weapons Level 1  
  41  5:29  Zergling x4, Drone  
  44  5:41  Spire  
  44  5:56  Nydus Network  
  39  6:17  Overlord  
  37  6:31  Pneumatized Carapace  
  36  6:37  Overseer  
  35  6:41  Drone x2  
  35  6:42  Drone x3  
  40  6:54  Zergling x8  
  43  6:58  Overlord x2  
  44  7:35  Zergling x12  
  50  7:45  Hatchery  
  50  7:49  Hatchery  
  48  7:53  Queen  
  50  8:43  Zergling x8  
  50  8:44  Zergling x10  
  50  8:48  Overlord x4  
  59  8:49  Overlord  
  59  8:56  Zerg Melee Weapons Level 2  
  59  9:11  Zergling x4  
  59  9:12  Zergling x6  
  59  9:15  Zergling x2  
  59  9:16  Zergling x6  
  59  9:36  Zergling x12  
  59  9:37  Zergling x10  
  70  9:47  Nydus Canal  
  70  9:56  Drone x5  
  47  10:43  Spire  
  47  10:48  Zergling x12  
  47  10:49  Zergling x12  
  59  10:50  Zergling x2  
  59  11:16  Nydus Canal  
  59  11:29  Zergling x8  
  59  11:30  Zergling x14  
  59  11:31  Zergling x6  
  61  12:05  Mutalisk x5  
  61  12:06  Mutalisk x4  
  61  12:08  Zergling x6  
  64  12:25  Mutalisk  
  64  12:27  Zergling x4  
  64  12:28  Zergling x10  
  64  12:29  Zergling x4  
Show
View Real Time Build Order
Export as new Build Order

Darkside Protoss 

Build Orders:  

Get SALT Encoding   

  12  0:02  Probe (Chrono Boost)  
  13  0:13  Probe (Chrono Boost)  
  14  0:20  Pylon  
  14  0:30  Probe  
  15  0:38  Forge  
  15  0:42  Probe  
  16  0:55  Probe (Chrono Boost)  
  17  1:09  Probe (Chrono Boost)  
  18  1:16  Probe (Chrono Boost)  
  18  1:18  Pylon  
  19  1:23  Probe  
  20  1:35  Probe  
  20  1:39  Photon Cannon  
  21  1:41  Photon Cannon  
  21  1:47  Probe  
  22  1:59  Pylon, Probe  
  23  2:10  Pylon  
  23  2:11  Probe  
  24  2:17  Photon Cannon  
  24  2:19  Pylon  
  24  2:21  Photon Cannon  
  24  2:24  Probe  
  25  2:30  Photon Cannon  
  25  2:37  Photon Cannon  
  25  2:43  Pylon  
  25  3:08  Pylon  
  24  3:23  Probe  
  25  3:28  Gateway  
  25  3:35  Probe  
  26  3:47  Probe  
  27  3:48  Pylon  
  27  3:56  Pylon  
  27  3:59  Probe  
  27  4:11  Photon Cannon, Probe  
  27  4:12  Photon Cannon  
  28  4:18  Gateway  
  28  4:26  Probe (Chrono Boost)  
  28  4:27  Assimilator  
  28  4:28  Assimilator  
  29  4:33  Pylon  
  29  4:36  Probe (Chrono Boost)  
  30  4:41  Probe (Chrono Boost)  
  30  4:43  Photon Cannon  
  31  4:49  Photon Cannon  
  31  4:53  Probe  
  31  4:55  Photon Cannon  
  31  4:56  Pylon  
  31  4:59  Photon Cannon  
  32  5:04  Photon Cannon  
  32  5:11  Pylon  
  32  5:29  Cybernetics Core  
  32  5:35  Photon Cannon  
  32  5:39  Photon Cannon  
  32  5:44  Photon Cannon  
  32  5:53  Photon Cannon  
  32  6:05  Photon Cannon  
  32  6:15  Pylon  
  32  6:21  Photon Cannon  
  32  6:24  Pylon  
  26  6:53  Probe (Chrono Boost)  
  27  7:01  Stalker, Stargate  
  29  7:31  Stalker  
  29  7:33  Robotics Facility  
  29  7:34  Stalker  
  33  7:40  Pylon  
  33  8:01  Stalker  
  35  8:08  Void Ray  
  39  8:12  Nexus  
  39  8:54  Nexus  
  39  8:58  Sentry  
  41  9:22  Assimilator  
  40  9:24  Sentry  
  40  9:30  Pylon  
  40  9:33  Pylon  
  40  9:50  Adept  
  42  9:53  Photon Cannon  
  39  10:18  Probe (Chrono Boost)  
  29  10:29  Probe (Chrono Boost)  
  29  10:31  Assimilator  
  29  10:33  Probe (Chrono Boost)  
  30  10:38  Probe  
  31  10:45  Probe (Chrono Boost)  
  32  10:52  Probe (Chrono Boost)  
  32  10:56  Probe (Chrono Boost)  
  34  11:01  Probe (Chrono Boost)  
  35  11:06  Probe (Chrono Boost)  
  35  11:10  Probe (Chrono Boost)  
  37  11:15  Assimilator  
  37  11:17  Probe (Chrono Boost)  
  39  11:26  Probe (Chrono Boost)  
  39  11:32  Probe (Chrono Boost)  
  19  12:33  Probe (Chrono Boost)  
  20  12:43  Probe (Chrono Boost)  
  17  12:48  Probe (Chrono Boost)  
  17  13:00  Probe  
  17  13:12  Probe  
Tags
 
Add a new tag
Caveats
  • Supply blocks, unpowered buildings, or Contaminate may cause inaccurate times.
  • Supply counts are checked every 10 seconds.